 Dungeon Crawl Stone Soup version 0.30-a0-297-g0ec75d9ef4 (webtiles) character file.

Game seed: 8496417371719382956

2118 plokij the Chopper (level 9, 0/78 HPs)
             Began as a Minotaur Fighter on Oct 19, 2022.
             Slain by an orc warlord
             ... wielding a +3 battleaxe
              (24 damage)
             ... in a bailey.
             The game lasted 00:23:58 (6117 turns).

plokij the Chopper (Minotaur Fighter)               Turns: 6117, Time: 00:23:59

Health: 0/78       AC: 17    Str: 31    XL:     9   Next: 8%
Magic:  8/8        EV: 13    Int:  5    God:
Gold:   351        SH:  5    Dex: 10    Spells: 8/8 levels left

rFire   . . .      SeeInvis .    a - +0 war axe
rCold   . . .      Faith    .    c - +0 buckler
rNeg    . . .      Spirit   .    n - +0 plate armour
rPois   .          Reflect  .    v - +0 hat
rElec   .          Harm     .    B - +0 cloak
rCorr   .          Rampage  .    u - +0 pair of gloves
Will    .....                    g - +0 pair of boots
Stlth   ..........               (no amulet)
HPRegen 0.33/turn                A - +4 ring of evasion
MPRegen 0.11/turn                J - +6 ring of strength

@: mighty
A: horns 2, retaliatory headbutt
a: no special abilities


You were in a bailey.
You visited 2 branches of the dungeon, and saw 8 of its levels.
You also visited: Bailey.

You collected 351 gold pieces.

Inventory:

Hand Weapons
 a - a +0 war axe (weapon)
 x - the +8 dagger of Pechan {vorpal, Int+3}
   (You found it on level 4 of the Dungeon)

   It inflicts extra damage upon your enemies.
   Int:       It affects your intelligence (+3).
 M - a +0 shortbow
 N - a +4 hand axe
Armour
 c - a +0 buckler (worn)
 g - a +0 pair of boots (worn)
 n - a +0 plate armour (worn)
 u - a +0 pair of gloves (worn)
 v - a +0 hat (worn)
 B - a +0 cloak (worn)
 F - a +0 plate armour
 H - a +0 plate armour
 I - +0 steam dragon scales
 L - +0 steam dragon scales
Jewellery
 p - a ring of willpower
 q - a +4 ring of evasion
 A - a +4 ring of evasion (left hand)
 J - a +6 ring of strength (right hand)
Wands
 z - a wand of quicksilver (7)
 C - a wand of iceblast (6)
Scrolls
 b - 2 scrolls of amnesia {unknown}
 h - 5 scrolls of teleportation {unknown}
 j - 2 scrolls of magic mapping {unknown}
 l - a scroll of poison {unknown}
 m - 7 scrolls of identify {unknown}
 o - 5 scrolls of fog {unknown}
 r - 3 scrolls of enchant armour {unknown}
 w - a scroll of immolation {unknown}
 y - 2 scrolls of brand weapon {unknown}
 E - 2 scrolls of noise {unknown}
 G - a scroll of summoning {unknown}
 K - 3 scrolls of fear {unknown}
 O - 2 scrolls of blinking {unknown}
Potions
 e - 2 potions of resistance {unknown}
 f - 6 potions of curing {unknown}
 i - 2 potions of mutation {unknown}
 k - 6 potions of lignification {unknown}
 s - a potion of cancellation {unknown}
 t - 5 potions of haste {unknown}
 D - a potion of heal wounds {unknown}


   Skills:
 + Level 6.8 Fighting
 * Level 7.0 Axes
 + Level 6.9 Armour
 + Level 6.9 Dodging
 + Level 6.8 Shields


You had 8 spell levels left.
You didn't know any spells.
Your spell library contained the following spells:

 Spells                   Type           Power      Damage    Failure   Level
 Apportation              Tloc           0%         N/A       99%         1
 Necrotise                Necr           0%         1d4       99%         1
 Slow                     Hex            0%         N/A       99%         1
 Summon Small Mammal      Summ           0%         N/A       99%         1
 Static Discharge         Conj/Air       0%         2-2/arc   100%        2
 Confusing Touch          Hex            0%         N/A       100%        3
 Vampiric Draining        Necr           0%         2d6       100%        3
 Vhi's Electric Charge    Tloc/Air       0%         N/A       100%        3
 Passage of Golubria      Tloc           0%         N/A       100%        4
 Alistair's Intoxication  Tmut/Pois      0%         N/A       100%        5
 Arcjolt                  Conj/Air       0%         1d10      100%        5
 Lightning Bolt           Conj/Air       0%         1d11      100%        5
 Silence                  Hex/Air        0%         N/A       100%        5
 Lehudib's Crystal Spear  Conj/Erth      0%         10d2      100%        8


Dungeon Overview and Level Annotations

Branches:
Dungeon (7/15)             Temple (1/1) D:4          Bailey (1/1)

Altars:
Ashenzari
Dithmenos
Elyvilon
Fedhas
Gozag
Kikubaaqudgha
Makhleb
Qazlal
Ru
Sif Muna
Trog
Uskayaw
Vehumet
Wu Jian
Xom
Yredelemnul
Zin
The Shining One

Shops:
D:3 *   D:5 [


Innate Abilities, Weirdness & Mutations

You have a pair of horns on your head.
You reflexively headbutt those who attack you in melee.


Message History

The goblin attacks as you move away! The goblin hits you but does no damage.
The goblin attacks as you move away! The goblin closely misses you.
There is an open gate here.
You barely miss the orc. You hit the goblin but do no damage.
The orc closely misses you. You furiously retaliate!
You headbutt the orc. The goblin closely misses you.
You barely miss the orc.
The orc is almost dead.
You barely miss the goblin. The orc barely misses you.
You block the goblin's attack.
You slash the orc!
You kill the orc!
You miss the goblin. You barely miss the goblin.
The goblin hits you but does no damage. The goblin completely misses you.
You furiously retaliate!
You headbutt the goblin!
You kill the goblin!
You feel very mighty all of a sudden. You block the goblin's attack.
The orc warlord hits you with a +3 battleaxe!!
You hit the orc warlord. Your headbutt misses the orc warlord.
The orc warlord is lightly wounded.
You slash the goblin!
You kill the goblin!
The orc warlord jeers noisily.
The orc warlord hits you with a +3 battleaxe!
The orc warlord hits you with a +3 battleaxe.
You barely miss the orc warlord.
The orc warlord is lightly wounded.
The orc warlord hits you with a +3 battleaxe!
You slash the orc warlord! You headbutt the orc warlord!
The orc warlord is moderately wounded.
The orc warlord hits you with a +3 battleaxe.
You slash the orc warlord! You headbutt the orc warlord!
The orc warlord is heavily wounded.
The orc warlord hits you with a +3 battleaxe.
* * * LOW HITPOINT WARNING * * *
You barely miss the orc warlord.
The orc warlord is heavily wounded.
The orc warlord hits you with a +3 battleaxe!!
You die...

+.........).......#
##...).....##.....##
#.....⌠.....#######
##...).....##
#.........#
##.......##
#.......# ##)o)..##
♣♣##@''##♣♣
♣.........♣
♣♣.......♣♣
♣....∩....♣♣
♣♣..........♣
♣.....∩.....♣
♣♣.........♣♣
♣.♣.....♣.♣
♣♣♣♣♣♣♣♣♣♣♣


You could see an orc warlord.

Vanquished Creatures
  2 steam dragons
  4 orc warriors (Bailey)
  A sky beast (D:6)
  An ice beast (D:6)
  An ogre (D:5)
  A centaur (D:7)
  2 phantoms (D:5)
  A necrophage (D:2)
  A scorpion (D:6)
  3 howler monkeys
  3 hounds
  A jelly (D:6)
  Crazy Yiuf (D:5)
  2 orc priests (D:4)
  Ijyb (D:5)
  6 iguanas
  4 orc wizards
  7 gnolls
  10 adders
  A white imp (D:5)
  2 worms
  5 dart slugs
  15 orcs
  7 ball pythons
  7 endoplasms
  2 giant cockroaches
  17 goblins
  12 hobgoblins
  2 quokkas
  5 bats
  5 frilled lizards
  9 kobolds
  9 rats
150 creatures vanquished.

Vanquished Creatures (others)
  An orc wizard (D:7)
  A gnoll (D:5)
  An orc (D:7)
  12 fungi (D:6)
15 creatures vanquished.

Grand Total: 165 creatures vanquished

Notes
Turn   | Place    | Note
-------+----------+-------------------------------------------
     0 | D:1      | plokij the Minotaur Fighter began the quest for the Orb.
     0 | D:1      | Reached XP level 1. HP: 19/19 MP: 0/0
    59 | D:1      | Reached XP level 2. HP: 27/27 MP: 1/1
   109 | D:1      | Reached skill level 3 in Axes
   358 | D:1      | Found a faded altar of an unknown god.
   364 | D:1      | Reached skill level 1 in Dodging
   368 | D:1      | Reached XP level 3. HP: 33/33 MP: 2/2
   756 | D:2      | Noticed a necrophage
   778 | D:2      | Killed a necrophage
   779 | D:2      | Reached skill level 4 in Axes
   779 | D:2      | Reached XP level 4. HP: 31/40 MP: 3/3
  1111 | D:2      | Reached XP level 5. HP: 46/46 MP: 4/4
  1345 | D:3      | Found Zin's Purification Station.
  1363 | D:3      | Found a glowing silver altar of Zin.
  2045 | D:4      | Reached XP level 6. HP: 47/53 MP: 5/5
  2436 | D:4      | Identified the +8 dagger of Pechan {vorpal, Int+3}
  2615 | D:4      | Found a staircase to the Ecumenical Temple.
  2621 | Temple   | Entered the Ecumenical Temple
  3043 | D:5      | Entered Level 5 of the Dungeon
  3106 | D:5      | Reached skill level 5 in Axes
  3111 | D:5      | Reached skill level 5 in Armour
  3136 | D:5      | Reached skill level 5 in Fighting
  3136 | D:5      | Reached skill level 5 in Shields
  3177 | D:5      | Reached XP level 7. HP: 58/61 MP: 6/6
  3202 | D:5      | Found a sacrificial altar of Ru.
  3362 | D:5      | Noticed Ijyb
  3673 | D:5      | Found a runed translucent door.
  3674 | D:5      | Noticed Crazy Yiuf
  3685 | D:5      | Killed Crazy Yiuf
  3768 | D:5      | Killed Ijyb
  3817 | D:5      | Found an ancient bone altar of Kikubaaqudgha.
  3873 | D:5      | Found Oryur's Antique Armour Boutique.
  3961 | D:5      | Reached skill level 5 in Dodging
  4323 | D:5      | Reached XP level 8. HP: 70/70 MP: 7/7
  4358 | D:6      | Reached skill level 6 in Axes
  5780 | D:7      | Found a flagged portal.
  5787 | Bailey   | Entered a bailey
  5907 | Bailey   | Reached XP level 9. HP: 42/78 MP: 8/8
  5909 | Bailey   | Reached skill level 7 in Axes
  6070 | Bailey   | Noticed an orc warlord
  6117 | Bailey   | Slain by an orc warlord

Illustrated notes

Levels and vault maps discovered:
D:1:      evilmike_arrival_plus, layout_rooms,
          hellmonk_ecumenical_altar_pennies_from_heaven
D:2:      layout_basic, minmay_hexomino_p4
D:3:      layout_basic, zin_purify, chequers_decorated_corner,
          amcnicky_mini_corridor_feature
D:4:      layout_cave_pools, minmay_temple_entry_fiery
D:5:      layout_loops_ring, marbit_many_paths,
          nicolae_kikubaaqudgha_miasma_corner, serial_shops, shop_fountains,
          uniq_crazy_yiuf_cottage, uniq_ijyb
D:6:      kennysheep_steamy, layout_cave_pools, serial_glass, glass_columns_a,
          glass_columns_b
D:7:      layout_basic, enter_bailey_2
Temple:   regret_index_temple_generic_petals
Bailey:   bailey_axe_minmay_hex_keep, bailey

Skill      XL: |  1  2  3  4  5  6  7  8  9 |
---------------+----------------------------+-----
Axes           | 3 4 5 6 7 |  7.0
Dodging        | 1 2 4 5 6 |  6.9
Armour         | 4 5 6 |  6.9
Fighting       | 4 5 6 |  6.8
Shields        | 4 5 6 |  6.8

Action                   |  1- 3 |  4- 6 |  7- 9 || total
-------------------------+-------+-------+-------++-------
Melee: War axe           |    78 |   148 |   188 ||   414
       Headbutt          |    14 |    24 |    32 ||    70
  Use: Potion            |       |       |     1 ||     1
Armor: Scale mail        |    12 |       |       ||    12
       Chain mail        |    36 |       |       ||    36
       Plate armour      |       |    85 |    84 ||   169
Dodge: Dodged            |    41 |    66 |   121 ||   228
Block: Buckler           |    19 |    23 |    46 ||    88

Table legend: (Time is in decaauts)
 A = Elapsed time spent in this place.
 B = Non-inter-level travel time spent in this place.
 C = Inter-level travel time spent in this place.
 D = Time resting spent in this place.
 E = Time spent auto-exploring this place.
 F = Levels seen in this place.
 G = Mean time per level.
                   A        B        C        D        E       F      G
               +--------+--------+--------+--------+--------+-----+--------+
         Total |   6237 |   5218 |   1019 |   1021 |   2818 |   9 |  693.0 |
       Dungeon |   5651 |   4688 |    963 |    896 |   2628 |   7 |  807.3 |
        Temple |    246 |    190 |     56 |      0 |    179 |   1 |  246.0 |
        Bailey |    339 |    339 |      0 |    125 |     11 |   1 |  339.0 |
               +--------+--------+--------+--------+--------+-----+--------+

Top non-repeatable levels by time:
     D:5: 1346 daAuts
     D:4: 1018 daAuts
     D:6: 949 daAuts
     D:2: 852 daAuts
     D:3: 558 daAuts
     D:1: 532 daAuts
     D:7: 393 daAuts
  Bailey: 339 daAuts
  Temple: 246 daAuts
